 Dungeon Crawl Stone Soup version 0.28-a0-1624-g820543e53a (webtiles) character file.

Game seed: 14264469765066140021

12516 timneilson the Protected (level 11, -2/67 HPs)
             Began as a Gargoyle Fighter on Jan 23, 2022.
             Was an Elder of Okawaru.
             Slain by a komodo dragon (7 damage)
             ... on level 11 of the Dungeon.
             The game lasted 00:24:24 (13362 turns).

timneilson the Protected (Gargoyle Fighter)        Turns: 13362, Time: 00:24:25

Health: -2/67      AC: 31    Str: 25    XL:     11   Next: 94%
Magic:  13/13      EV:  9    Int:  8    God:    Okawaru [****..]
Gold:   354        SH: 12    Dex: 15    Spells: 10/10 levels left

rFire   . . .      SeeInvis .   y - +0 scimitar
rCold   . . .      Faith    .   c - +0 buckler
rNeg    + . .      Spirit   .   A - +0 plate armour
rPois   ∞          Reflect  +   j - +0 helmet
rElec   +          Harm     .   C - +2 cloak {Will+}
rCorr   +          Rampage  .   (no gloves)
Will    +....                   m - +2 pair of boots
Stlth   ..........              D - amulet of reflection
HPRegen 0.21/turn               h - +6 ring of dexterity
MPRegen 0.13/turn               x - ring of resist corrosion

@: no status effects
A: sickness immunity, AC +8, negative energy resistance 1, electricity
resistance, torment resistance 1, petrification resistance
a: Renounce Religion, Heroism, Finesse


You were on level 11 of the Dungeon.
You worshipped Okawaru.
Okawaru was greatly pleased with you.
You visited 2 branches of the dungeon, and saw 12 of its levels.
You also visited: Ossuary.

You collected 804 gold pieces.
You spent 450 gold pieces at shops.

Inventory:

Hand Weapons
 a - a +1 long sword
 i - a +0 hand axe of flaming
 y - a +0 scimitar (weapon)
Armour
 c - a +0 buckler (worn)
 j - a +0 helmet (worn)
 m - a +2 pair of boots (worn)
 A - a +0 plate armour (worn)
 C - a +2 cloak of willpower (worn)
Jewellery
 h - a +6 ring of dexterity (left hand)
 w - a ring of protection from cold
 x - a ring of resist corrosion (right hand)
 D - an amulet of reflection (around neck)
Wands
 n - a wand of polymorph (17)
 q - a wand of acid (12)
 r - a wand of paralysis (18)
 B - a wand of iceblast (12)
Scrolls
 b - 4 scrolls of enchant weapon
 f - a scroll of fog
 o - 6 scrolls of identify
 t - 5 scrolls of teleportation
 E - a scroll of blinking
Potions
 d - a potion of might
 e - a potion of mutation
 g - 4 potions of heal wounds
 k - 6 potions of curing
 l - a potion of ambrosia
 s - a potion of lignification
 u - a potion of magic
 v - a potion of invisibility
 z - 2 potions of attraction


   Skills:
 + Level 7.5 Fighting
 * Level 8.2 Long Blades
 * Level 10.2 Armour
 + Level 5.0 Dodging
 * Level 10.2 Shields
 + Level 3.9 Invocations
 + Level 5.3 Evocations


You had 10 spell levels left.
You didn't know any spells.
Your spell library contained the following spells:

 Spells                   Type           Power      Damage    Failure   Level
 Apportation              Tloc           0%         N/A       99%         1
 Beastly Appendage        Tmut           0%         N/A       99%         1
 Blink                    Tloc           0%         N/A       100%        2
 Wereblood                Tmut           0%         N/A       100%        2
 Ignite Poison            Fire/Tmut/Pois 0%         N/A       100%        3
 Lesser Beckoning         Tloc           0%         N/A       100%        3
 Mephitic Cloud           Conj/Pois/Air  0%         N/A       100%        3
 Portal Projectile        Hex/Tloc       0%         N/A       100%        3
 Spider Form              Tmut/Pois      0%         N/A       100%        3
 Leda's Liquefaction      Hex/Erth       0%         N/A       100%        4
 Petrify                  Tmut/Erth      0%         N/A       100%        4
 Freezing Cloud           Conj/Ice/Air   0%         6-21      100%        5
 Manifold Assault         Tloc           0%         N/A       100%        5
 Metabolic Englaciation   Hex/Ice        0%         N/A       100%        5
 Animate Skeleton         Necr           Unusable   N/A       N/A         1
 Summon Small Mammal      Summ           Unusable   N/A       N/A         1
 Call Canine Familiar     Summ           Unusable   N/A       N/A         3
 Statue Form              Tmut/Erth      Unusable   N/A       N/A         6

Dungeon Overview and Level Annotations

Branches:
Dungeon (11/15)            Temple (1/1) D:7            Lair (0/6) D:8
    Orc (0/2) D:9         Ossuary (visited)

Altars:
Ashenzari
Cheibriados
Dithmenos
Elyvilon
Fedhas
Gozag
Hepliaklqana
Kikubaaqudgha
Makhleb
Nemelex Xobeh
Okawaru
Qazlal
Ru
Sif Muna
Trog
Uskayaw
Vehumet
Wu Jian
Xom
Yredelemnul
Zin
The Shining One

Shops:
D:9 :*

Annotations:
D:5 Blork the orc


Innate Abilities, Weirdness & Mutations

You are immune to sickness and miasma.
Your stone body is resilient. (AC +8)
You are immune to poison.
You resist negative energy. (rN+)
You are resistant to electric shocks. (rElec)
You are resistant to unholy torment.
You are immune to petrification.


Message History

Found a stone staircase leading down.
As you open the door, it creaks loudly!
There is an open door here.
There is a stone staircase leading down here.
As you open the door, it creaks loudly!
Found a stone staircase leading down.
A komodo dragon comes into view.
The komodo dragon hisses angrily.
You block the komodo dragon's attack.
You closely miss the komodo dragon. The komodo dragon closely misses you.
You slash the komodo dragon!
The komodo dragon is moderately wounded.
The komodo dragon bites you.
You barely miss the komodo dragon.
The komodo dragon is moderately wounded.
The komodo dragon barely misses you.
You hit the komodo dragon.
The komodo dragon is moderately wounded.
You block the komodo dragon's attack.
You hit the komodo dragon.
The komodo dragon is heavily wounded.
The komodo dragon bites you!
You hit the komodo dragon but do no damage.
The komodo dragon is heavily wounded.
The komodo dragon bites you but does no damage.
You hit the komodo dragon but do no damage.
The komodo dragon is moderately wounded.
You block the komodo dragon's attack.
You slash the komodo dragon!
The komodo dragon is heavily wounded.
The komodo dragon bites you!
You barely miss the komodo dragon.
The komodo dragon is heavily wounded.
The komodo dragon bites you!
You slash the komodo dragon!
The komodo dragon is almost dead.
The komodo dragon bites you!!
* * * LOW HITPOINT WARNING * * *
The komodo dragon bites you!
You die...

#.....#...#..
#....#.....#...#.. .
#>...#.....#...#.. ..
#....#.....#...#.. ...
#....####..#...#.. ....
#.......#>.#'###.. .....
..... #.........
......####'####.........
......l@.........#######
.................#
.................#
.................#
.................#
##########.......#
#.......# #########


You could see a komodo dragon.

Vanquished Creatures
  A two-headed ogre (D:10)
  Pikel (D:8)
  Joseph (D:9)
  3 trolls
  2 hornets
  Grinder (D:5)
  Prince Ribbit (D:5)
  25 yaks
  A vampire (D:8)
  A wyvern (D:10)
  2 wraiths
  4 vampire mosquitoes (D:11)
  Menkaure (D:5)
  A warg (D:9)
  Edmund (D:5)
  A water moccasin (D:8)
  An acid dragon (D:10)
  7 orc warriors
  2 sky beasts (D:6)
  An ice beast (D:7)
  2 ogres
  2 black bears
  2 necrophages (D:4)
  2 centaurs
  2 phantoms
  A lemure (D:8)
  2 kobold brigands (D:9)
  3 bullfrogs
  A gnoll sergeant (D:5)
  2 scorpions
  3 wights (D:7)
  2 howler monkeys
  A bullfrog zombie (D:5)
  4 centaur zombies
  A jelly (D:4)
  A centaur skeleton (D:6)
  9 orc priests
  A bullfrog skeleton (D:5)
  6 hounds
  2 iguanas
  Terence (D:3)
  5 orc wizards
  A killer bee zombie (D:8)
  2 hound skeletons
  A hound zombie (D:5)
  4 mummies
  3 howler monkey zombies
  3 gnolls (D:5)
  2 howler monkey skeletons
  4 adders
  3 shadow imps
  An adder skeleton (D:4)
  A worm (D:4)
  2 dart slugs
  45 orcs
  5 endoplasms
  4 giant cockroaches
  A gnoll zombie (Ossuary)
  3 hobgoblins
  3 jackals (D:4)
  19 kobolds
  5 quokkas
  5 ball pythons
  5 bats
  5 frilled lizards
  5 goblins
  A goblin zombie (Ossuary)
  2 hobgoblin zombies
  3 kobold zombies
  An orc zombie (Ossuary)
  5 rats
257 creatures vanquished.

Vanquished Creatures (others)
  Maurice (D:8)
  A kobold zombie (D:8)
  An orc zombie (D:8)
  10 plants (D:2)
13 creatures vanquished.

Grand Total: 270 creatures vanquished

Notes
Turn   | Place    | Note
-------+----------+-------------------------------------------
     0 | D:1      | timneilson the Gargoyle Fighter began the quest for the
                  | Orb.
     0 | D:1      | Reached XP level 1. HP: 14/14 MP: 1/1
   417 | D:1      | Reached XP level 2. HP: 9/19 MP: 2/2
   930 | D:1      | You fall into a shaft and drop 1 floor!
  1232 | D:1      | Reached XP level 3. HP: 23/23 MP: 3/3
  1913 | D:2      | Found a faded altar of an unknown god.
  2473 | D:3      | Noticed Terence
  2504 | D:3      | Killed Terence
  2505 | D:3      | Reached XP level 4. HP: 14/28 MP: 4/4
  2966 | D:4      | Reached skill level 1 in Dodging
  2966 | D:4      | Reached XP level 5. HP: 28/33 MP: 5/5
  3412 | D:4      | Noticed a necrophage
  3431 | D:4      | Killed a necrophage
  3432 | D:4      | Reached XP level 6. HP: 36/38 MP: 6/6
  3658 | D:4      | Found a white marble altar of Elyvilon.
  3658 | D:4      | Found a shadowy altar of Dithmenos.
  3778 | D:4      | Found a sacrificial altar of Ru.
  3881 | D:4      | Noticed a necrophage
  3888 | D:4      | Killed a necrophage
  3889 | D:4      | Reached skill level 5 in Armour
  3889 | D:4      | Reached skill level 5 in Shields
  3889 | D:4      | Reached skill level 1 in Evocations
  3889 | D:4      | Reached XP level 7. HP: 35/43 MP: 7/7
  3988 | D:4      | Found a blossoming altar of Fedhas.
  4404 | D:5      | Entered Level 5 of the Dungeon
  4760 | D:5      | Reached XP level 8. HP: 23/48 MP: 8/8
  4962 | D:5      | Noticed Menkaure
  4970 | D:5      | Killed Menkaure
  5388 | D:5      | Noticed Prince Ribbit
  5404 | D:5      | Killed Prince Ribbit
  5405 | D:5      | Reached skill level 5 in Fighting
  5600 | D:5      | Noticed Grinder
  5617 | D:5      | Killed Grinder
  5618 | D:5      | Reached skill level 5 in Long Blades
  5659 | D:5      | Reached XP level 9. HP: 50/54 MP: 9/9
  5753 | D:5      | Noticed Edmund
  5776 | D:5      | Killed Edmund
  5963 | D:5      | Found a snail-covered altar of Cheibriados.
  6256 | D:5      | Noticed Blork the orc
  6264 | D:5      | Found a shimmering blue altar of Sif Muna.
  6423 | D:6      | Found a burning altar of Makhleb.
  6423 | D:6      | Found a hide-covered altar of Uskayaw.
  6429 | D:6      | Found a glowing golden altar of the Shining One.
  6455 | D:6      | Found a sand-covered staircase.
  6461 | Ossuary  | Entered an ossuary
  6954 | D:6      | Noticed a troll
  6966 | D:6      | Killed a troll
  7240 | D:6      | Found a radiant altar of Vehumet.
  7840 | D:7      | Found a sparkling altar of Nemelex Xobeh.
  8007 | D:7      | Reached XP level 10. HP: 49/60 MP: 10/10
  8650 | D:7      | Found a staircase to the Ecumenical Temple.
  8663 | Temple   | Entered the Ecumenical Temple
  8721 | Temple   | Became a worshipper of Warmaster Okawaru
  9077 | D:8      | Noticed Pikel
  9086 | D:8      | Killed Pikel
  9258 | D:8      | Found a staircase to the Lair.
  9391 | D:8      | Noticed Maurice
  9408 | D:8      | Killed Maurice
  9409 | D:8      | Reached skill level 1 in Invocations
  9472 | D:8      | Found a bloodstained altar of Trog.
  9749 | D:8      | Reached * piety under Okawaru
 10046 | D:8      | Found an opulent altar of Gozag.
 10312 | D:8      | Reached ** piety under Okawaru
 10428 | D:8      | Reached XP level 11. HP: 58/66 MP: 12/12
 10782 | D:9      | Found Yxuh's General Store.
 10790 | D:9      | Bought an amulet of reflection for 450 gold pieces
 10905 | D:9      | Reached *** piety under Okawaru
 11249 | D:9      | Found a staircase to the Orcish Mines.
 11749 | D:9      | Found Kinontao's Book Shop.
 11749 | D:9      | Noticed Joseph
 11772 | D:9      | Killed Joseph
 11914 | D:10     | Entered Level 10 of the Dungeon
 11984 | D:10     | Reached skill level 5 in Evocations
 12357 | D:10     | Noticed a two-headed ogre
 12366 | D:10     | Killed a two-headed ogre
 12366 | D:10     | Reached **** piety under Okawaru
 12510 | D:10     | Reached skill level 10 in Armour
 12510 | D:10     | Reached skill level 10 in Shields
 12539 | D:10     | Reached skill level 5 in Dodging
 13362 | D:11     | Slain by a komodo dragon

Illustrated notes

Levels and vault maps discovered:
D:1:      minmay_arrival_four_loops, layout_basic, minmay_tree_intersection,
          minmay_misc_feat_hallway, minmay_heptomino_h4
D:2:      layout_loops_cross, dilly_ecumenical_altar_fadedgnrine,
          serial_bayou_crossing
D:3:      layout_basic, corexii_item_surrounded_by_moat, uniq_terence
D:4:      layout_gridville, gammafunk_temple_overflow_statue, marbit_many_paths,
          old_standard_altar, nrook_mini_backslash, kennysheep_cluttered_room,
          minivault_26
D:5:      nicolae_cairo_tiling_very_big, layout_loops_ring, tgw_sif,
          kennysheep_slug_shrine, uniq_edmund, uniq_menkaure,
          uniq_prince_ribbit1, uniq_grinder
D:6:      layout_cave_pools, mainiacjoe_overflow_catwalk,
          gammafunk_temple_overflow_forgotten, nicolae_ossuary_entry_plus
D:7:      layout_loops_ring, mainiacjoe_overflow_surrounded_room,
          minmay_temple_entry_offerings
D:8:      argonaut_augean_stables, layout_loops_ring, overflow_temple_1_default,
          overflow_temple_1_default, lair_entry_dummy, minmay_mini_ossuary,
          uniq_pikel, uniq_maurice
D:9:      layout_roguey, erik_orc_3, serial_shops, kennysheep_little_box,
          minmay_shop_grid_forest, hive_lemuel, uniq_joseph
D:10:     layout_basic
D:11:     layout_irregular_city, elyvilon_altar_1
Temple:   compressed_dpeg_triangle_lava_temple

Skill      XL: |  1  2  3  4  5  6  7  8  9 10 11 |
---------------+----------------------------------+-----
Long Blades    | 2 3 4 5 6 7 8 |  8.2
Shields        | 4 5 6 7 9 10 | 10.2
Armour         | 4 5 6 7 9 10 | 10.2
Dodging        | 1 2 3 4 5 |  5.0
Fighting       | 4 5 6 7 |  7.5
Evocations     | 1 2 3 4 5 |  5.3
Invocations    | 2 3 |  3.9

Action                   |  1- 3 |  4- 6 |  7- 9 | 10-12 || total
-------------------------+-------+-------+-------+-------++-------
Melee: Long sword        |   149 |   137 |   392 |   132 ||   810
       Scimitar          |       |       |       |   579 ||   579
Invok: Heroism           |       |       |       |     4 ||     4
  Use: Scroll            |     5 |     2 |    11 |     2 ||    20
       Potion            |       |       |     2 |     2 ||     4
Armor: Scale mail        |    86 |    73 |       |       ||   159
       Chain mail        |       |    24 |   286 |   204 ||   514
       Plate armour      |       |       |       |   174 ||   174
Dodge: Dodged            |    69 |    81 |   169 |   225 ||   544
Block: Buckler           |    30 |    42 |   137 |   294 ||   503
       Reflection        |       |       |       |     1 ||     1

Table legend: (Time is in decaauts)
 A = Elapsed time spent in this place.
 B = Non-inter-level travel time spent in this place.
 C = Inter-level travel time spent in this place.
 D = Time resting spent in this place.
 E = Time spent auto-exploring this place.
 F = Levels seen in this place.
 G = Mean time per level.
                   A        B        C        D        E       F      G
               +--------+--------+--------+--------+--------+-----+--------+
         Total |  13610 |  13396 |    214 |   1249 |   8510 |  13 | 1046.9 |
       Dungeon |  12831 |  12632 |    199 |   1249 |   8122 |  11 | 1166.5 |
        Temple |    331 |    316 |     15 |      0 |    300 |   1 |  331.0 |
       Ossuary |    447 |    447 |      0 |      0 |     88 |   1 |  447.0 |
               +--------+--------+--------+--------+--------+-----+--------+

Top non-repeatable levels by time:
     D:5: 2134 daAuts
     D:8: 1678 daAuts
     D:1: 1537 daAuts
     D:4: 1508 daAuts
    D:10: 1239 daAuts
     D:9: 1233 daAuts
     D:2: 920 daAuts
     D:7: 914 daAuts
     D:3: 820 daAuts
     D:6: 638 daAuts
 Ossuary: 447 daAuts
  Temple: 331 daAuts
    D:11: 204 daAuts
